 Dungeon Crawl Stone Soup version 0.31-a0-978-g1e143483b6 (webtiles) character file.

Game seed: 10523435387213632632

338 MoonShooter the Ruffian (level 6, 0/70 HPs)
             Began as a Gnoll Shapeshifter on Oct 30, 2023.
             Slain by an orc wizard
             ... wielding a +0 dagger
              (2 damage)
             ... on level 3 of the Dungeon on Oct 31, 2023.
             The game lasted 00:12:34 (2302 turns).

MoonShooter the Ruffian (Gnoll Shapeshifter)        Turns: 2302, Time: 00:12:35

Health: 0/70       AC: 23    Str: 16    XL:     6   Next: 55%
Magic:  9/9        EV:  2    Int:  9    God:
Gold:   109        SH:  0    Dex: 11    Spells: 9/9 levels left

rFire   . .          .
                       - Unarmed
rCold   . . .        (no shield)
rNeg    + . .        a - melded +0 animal skin
rPois   +            (helmet currently unavailable)
rElec   .            (cloak currently unavailable)
rCorr   .            (gloves currently unavailable)
SInv    .            (boots currently unavailable)
Will    .....        (no amulet)
Stlth   +            l - ring of positive energy
HPRegen 0.31/turn    (no ring)
MPRegen 0.11/turn

%: no passive effects
@: confused, tree-form
A: stationary, stasis, torment immunity, boosted hp, (fangs 1), strong nose,
distributed training
a: no special abilities


You were on level 3 of the Dungeon.
You were a tree.
You visited 1 branch of the dungeon, and saw 3 of its levels.

You collected 109 gold pieces.

Inventory:

Hand Weapons
 e - a +0 dagger
 m - a +0 scythe
Missiles
 o - 20 stones
Armour
 a - a +0 animal skin (melded)
Jewellery
 l - a ring of positive energy (left branch)
Talismans
 c - a beast talisman (active)
 d - a flux talisman
Scrolls
 f - a scroll of teleportation {unknown}
 h - a scroll of fog {unknown}
 i - a scroll of noise {unknown}
 k - a scroll of identify {unknown}
 q - a scroll of revelation {unknown}
Potions
 g - a potion of heal wounds {unknown}
 j - a potion of attraction {unknown}
 n - 2 potions of degeneration {unknown}
 p - a potion of enlightenment {unknown}


   Skills:
 + Level 3.3 Fighting
 + Level 2.0 Short Blades
 + Level 2.0 Long Blades
 + Level 2.0 Axes
 + Level 2.0 Maces & Flails
 + Level 2.0 Polearms
 + Level 2.0 Staves
 + Level 2.0 Ranged Weapons
 + Level 2.0 Throwing
 + Level 2.0 Armour
 + Level 5.0 Dodging
 + Level 2.0 Stealth
 + Level 2.0 Shields
 + Level 6.8 Unarmed Combat
 + Level 2.0 Spellcasting
 + Level 1.6 Conjurations
 + Level 1.6 Hexes
 + Level 1.6 Summonings
 + Level 1.6 Necromancy
 + Level 1.6 Translocations
 + Level 1.6 Transmutations
 + Level 1.6 Fire Magic
 + Level 1.6 Ice Magic
 + Level 1.6 Air Magic
 + Level 1.6 Earth Magic
 + Level 1.6 Poison Magic
 + Level 2.2 Invocations
 + Level 2.0 Evocations
 + Level 6.8 Shapeshifting


You had 9 spell levels left.
You didn't know any spells.
Your spell library contained the following spells:

 Spells                   Type           Power      Damage    Failure   Level
 Sublimation of Blood     Necr           3%         N/A       26%         2
 Petrify                  Tmut/Erth      3%         N/A       86%         4
 Summon Ice Beast         Ice/Summ       3%         N/A       86%         4
 Irradiate                Conj/Tmut      1%         3d12      99%         5
 Iskenderun's Battlesphe  Conj           3%         2d6       99%         5
 Summon Mana Viper        Hex/Summ       3%         N/A       99%         5
 Bombard                  Conj/Erth      1%         9d1       100%        6
 Monstrous Menagerie      Summ           1%         N/A       100%        7
 Spellforged Servitor     Conj/Summ      1%         N/A       100%        7


Dungeon Overview and Level Annotations

Branches:
Dungeon (3/15)

Altars:
Ru


Innate Abilities, Weirdness & Mutations

You are a tree.
Your roots penetrate the ground, keeping you stationary.
You cannot be teleported.
You are immune to unholy pain and torment.
Your maximum health is greatly increased.
Your equipment is partially melded.
((You have very sharp teeth.))
Your uncanny sense of smell can sniff out nearby items.
Your experience applies equally to all skills.


Message History

You cannot move.
You cannot move.
You cannot move.
You cannot move.
The orc wizard casts a spell.
The orc wizard flickers and vanishes!
An orc wizard appears from thin air!
Reactivating autopickup.
The orc wizard points at you and mumbles some strange words.
You resist with some effort. The orc hits you but does no damage.
The orc wizard hits you but does no damage.
The orc wizard gestures wildly while chanting.
The orc wizard flickers and vanishes!
Deactivating autopickup; reactivate with Ctrl-A.
The orc hits you but does no damage. Something hits you but does no damage.
The orc hits you but does no damage. Something hits you but does no damage.
The orc hits you but does no damage. Something hits you but does no damage.
You hear some strange, mumbled words.
A puff of flame appears from out of thin air!
The puff of flame hits you but does no damage.
The orc hits you but does no damage. Something hits you.
* * * LOW HITPOINT WARNING * * *
Something hits you but does no damage. The orc hits you but does no damage.
Something hits you but does no damage. x2
The orc hits you but does no damage.
Something hits you but does no damage. x2
The orc hits you with a +0 dagger.
* * * LOW HITPOINT WARNING * * *
You hear some strange, mumbled words.
You are confused.
You hear some strange, mumbled words.
You are more confused.
The orc hits you with a +0 dagger.
* * * LOW HITPOINT WARNING * * *
Something hits you but does no damage. x2
The orc hits you but does no damage.
Something hits you but does no damage. x2
The orc hits you but does no damage.
Something hits you but does no damage. x2
The orc hits you but does no damage. Something hits you but does no damage.
Something hits you.
You die...

#.....### ######
#.......######.....
#..........<.......
###....#######.....
#...## #..### #...#
#..# #...# #..######
###.# #...){o..
###♣########'#######
#..{o.##......#
#...†.##......#
#.....).......#
#.....##......#
########......#
#......# #......#
########


You could see an orc.

Vanquished Creatures
  Sigmund (D:2)
  An orc priest (D:3)
  An orc wizard (D:3)
  3 adders (D:2)
  2 worms (D:2)
  2 dart slugs
  4 orcs (D:3)
  4 ball pythons
  3 endoplasms (D:1)
  2 giant cockroaches (D:1)
  7 goblins
  7 hobgoblins
  7 quokkas
  7 bats
  2 frilled lizards
  4 kobolds
  4 rats
61 creatures vanquished.

Vanquished Creatures (others)
  An orc wizard (D:3)
1 creature vanquished.

Grand Total: 62 creatures vanquished

Notes
Turn   | Place    | Note
-------+----------+-------------------------------------------
     0 | D:1      | MoonShooter the Gnoll Shapeshifter began the quest for the
                  | Orb.
     0 | D:1      | Reached XP level 1. HP: 17/17 MP: 1/1
   118 | D:1      | Reached XP level 2. HP: 23/23 MP: 2/2
   629 | D:1      | Reached XP level 3. HP: 21/28 MP: 3/3
   906 | D:2      | Found a sacrificial altar of Ru.
   911 | D:2      | Reached skill level 1 in Invocations
   958 | D:2      | Reached skill level 1 in Short Blades
   958 | D:2      | Reached skill level 1 in Long Blades
   958 | D:2      | Reached skill level 1 in Axes
   958 | D:2      | Reached skill level 1 in Maces & Flails
   958 | D:2      | Reached skill level 1 in Polearms
   958 | D:2      | Reached skill level 1 in Staves
   958 | D:2      | Reached skill level 1 in Ranged Weapons
   958 | D:2      | Reached skill level 1 in Throwing
   958 | D:2      | Reached skill level 1 in Armour
   958 | D:2      | Reached skill level 1 in Stealth
   958 | D:2      | Reached skill level 1 in Shields
   958 | D:2      | Reached skill level 1 in Spellcasting
   958 | D:2      | Reached skill level 1 in Evocations
  1026 | D:2      | Reached XP level 4. HP: 30/34 MP: 5/5
  1319 | D:2      | Noticed Sigmund
  1341 | D:2      | Killed Sigmund
  1342 | D:2      | Reached skill level 1 in Conjurations
  1342 | D:2      | Reached skill level 1 in Hexes
  1342 | D:2      | Reached skill level 1 in Summonings
  1342 | D:2      | Reached skill level 1 in Necromancy
  1342 | D:2      | Reached skill level 1 in Translocations
  1342 | D:2      | Reached skill level 1 in Transmutations
  1342 | D:2      | Reached skill level 1 in Fire Magic
  1342 | D:2      | Reached skill level 1 in Ice Magic
  1342 | D:2      | Reached skill level 1 in Air Magic
  1342 | D:2      | Reached skill level 1 in Earth Magic
  1342 | D:2      | Reached skill level 1 in Poison Magic
  1342 | D:2      | Reached XP level 5. HP: 16/41 MP: 5/7
  1342 | D:2      | Reached XP level 6. HP: 18/47 MP: 5/8
  2102 | D:3      | Found a faded altar of an unknown god.
  2188 | D:3      | Reached skill level 5 in Dodging
  2285 | D:3      | HP: 1/47 [something/magic dart (6)]
  2295 | D:3      | HP: 3/70 [something (1)]
  2302 | D:3      | Slain by an orc wizard

Illustrated notes

Levels and vault maps discovered:
D:1:      matt_arrival_grand_opening, layout_rooms, minivault_11,
          minmay_heptomino_d4
D:2:      layout_basic, basic_altar, chequers_decorated_corner, minmay_tripent,
          uniq_sigmund
D:3:      layout_basic, tgw_kikubaaqudgha, lemuel_coloured_pillars_altar,
          hellmonk_ecumenical_altar_leap_of_faith, hangedman_decor_riveting,
          ebering_dispersal_statue_hall, chequers_garden,
          nicolae_figureground_pulse

Skill      XL: |  1  2  3  4  5  6 |
---------------+-------------------+-----
Invocations    | 1 2 |  2.2
Short Blades   | 1 2 |  2.0
Long Blades    | 1 2 |  2.0
Axes           | 1 2 |  2.0
Maces & Flails | 1 2 |  2.0
Polearms       | 1 2 |  2.0
Staves         | 1 2 |  2.0
Ranged Weapons | 1 2 |  2.0
Throwing       | 1 2 |  2.0
Armour         | 1 2 |  2.0
Stealth        | 1 2 |  2.0
Shields        | 1 2 |  2.0
Spellcasting   | 1 2 |  2.0
Evocations     | 1 2 |  2.0
Fighting       | 3 |  3.3
Conjurations   | 1 |  1.6
Hexes          | 1 |  1.6
Summonings     | 1 |  1.6
Necromancy     | 1 |  1.6
Translocations | 1 |  1.6
Transmutations | 1 |  1.6
Fire Magic     | 1 |  1.6
Ice Magic      | 1 |  1.6
Air Magic      | 1 |  1.6
Earth Magic    | 1 |  1.6
Poison Magic   | 1 |  1.6
Dodging        | 5 |  5.0
Unarmed Combat | |  6.8
Shapeshifting  | |  6.8

Action                     |  1- 3 |  4- 6 || total
---------------------------+-------+-------++-------
  Melee: Unarmed           |    56 |    75 ||   131
         Punch             |     3 |     4 ||     7
         Bite              |     6 |     4 ||    10
Ability: Begin Untransform |     1 |       ||     1
    Use: Potion            |       |     1 ||     1
   Stab: Sleeping          |       |     2 ||     2
 Armour: Animal skin       |    29 |    42 ||    71
         Skin              |       |    31 ||    31
  Dodge: Dodged            |    51 |    53 ||   104
   Form: Beast             |     1 |     1 ||     2

Table legend: (Time is in decaauts)
 A = Elapsed time spent in this place.
 B = Non-inter-level travel time spent in this place.
 C = Inter-level travel time spent in this place.
 D = Time resting spent in this place.
 E = Time spent auto-exploring this place.
 F = Levels seen in this place.
 G = Mean time per level.
                   A        B        C        D        E       F      G
               +--------+--------+--------+--------+--------+-----+--------+
         Total |   2284 |   2284 |      0 |      0 |   1197 |   3 |  761.3 |
       Dungeon |   2284 |   2284 |      0 |      0 |   1197 |   3 |  761.3 |
               +--------+--------+--------+--------+--------+-----+--------+

Top non-repeatable levels by time:
     D:2: 1140 daAuts
     D:1: 892 daAuts
     D:3: 252 daAuts
